 Dungeon Crawl Stone Soup version 0.30-a0-1074-g5db6f66fbb (webtiles) character file.

Game seed: 6842007314120505544

7245 Querens the Blocker (level 11, -2/87 HPs)
             Began as a Formicid Fighter on Apr 14, 2023.
             Was a High Priest of Okawaru.
             Slain by a komodo dragon (22 damage)
             ... on level 10 of the Dungeon.
             The game lasted 00:23:52 (5679 turns).

Querens the Blocker (Formicid Fighter)              Turns: 5679, Time: 00:23:53

Health: -2/87      AC: 18    Str: 26    XL:     11   Next: 33%
Magic:  15/15      EV:  8    Int:  7    God:    Okawaru [*****.]
Gold:   278        SH: 11    Dex: 13    Spells: 10/10 levels left

rFire   . . .      SeeInvis +    w - +0 war axe (flame)
rCold   . . .      Faith    .    t - +0 kite shield
rNeg    + . .      Spirit   .    J - +2 chain mail {rN+}
rPois   .          Reflect  .    (helmet unavailable)
rElec   .          Rampage  .    (no cloak)
rCorr   .                        (no gloves)
Will    +....                    p - +0 pair of boots Stlth
                                 a - amulet of the acrobat
HPRegen 0.34/turn                e - +4 ring of protection
MPRegen 0.14/turn                (no ring)

@: no status effects
A: permanent stasis, dig shafts and tunnels, antennae 3, four strong arms
a: Dig, Shaft Self, Renounce Religion, Heroism, Finesse, Duel


You were on level 10 of the Dungeon.
You worshipped Okawaru.
Okawaru was extremely pleased with you.
You visited 2 branches of the dungeon, and saw 11 of its levels.
You also visited: Sewer.

You collected 499 gold pieces.
You spent 221 gold pieces at shops.

Inventory:

Hand Weapons
 w - a +0 war axe of flaming (weapon)
 B - a +0 battleaxe
Armour
 p - a +0 pair of boots (worn)
 t - a +0 kite shield (worn)
 y - a +0 plate armour
 F - +0 acid dragon scales
 J - a +2 chain mail of positive energy (worn)
Jewellery
 a - an amulet of the acrobat (around neck)
 e - a +4 ring of protection (left hand)
Wands
 E - a wand of roots (7)
 G - a wand of mindburst (14)
Scrolls
 c - 2 scrolls of silence {unknown}
 f - 6 scrolls of enchant armour {unknown}
 i - 2 scrolls of amnesia {unknown}
 j - 4 scrolls of magic mapping {unknown}
 l - 10 scrolls of identify {unknown}
 m - a scroll of fog {unknown}
 n - 3 scrolls of vulnerability {unknown}
 u - 2 scrolls of torment {unknown}
 v - 2 scrolls of enchant weapon {unknown}
 A - a scroll of fear {unknown}
 H - a scroll of brand weapon {unknown}
 I - a scroll of immolation {unknown}
Potions
 b - 3 potions of haste
 d - a potion of might
 g - a potion of attraction {unknown}
 h - 2 potions of degeneration
 k - 2 potions of brilliance
 o - 2 potions of invisibility {unknown}
 q - a potion of lignification
 r - a potion of curing
 s - 3 potions of heal wounds
 x - 2 potions of flight
 z - a potion of magic {unknown}
 C - a potion of ambrosia {unknown}
 D - a potion of cancellation


   Skills:
 + Level 8.6 Fighting
 * Level 10.3 Axes
 + Level 8.6 Armour
 + Level 10.3 Shields
 + Level 5.5 Invocations


You had 10 spell levels left.
You didn't know any spells.
Your spell library contained the following spells:

 Spells                   Type           Power      Damage    Failure   Level
 Cigotuvi's Dreadful Rot  Necr/Pois/Air  0%         N/A       99%         2
 Poisonous Vapours        Pois/Air       0%         N/A       99%         2
 Dazzling Flash           Conj/Hex       0%         N/A       100%        3
 Ignite Poison            Fire/Tmut/Pois 0%         N/A       100%        3
 Mephitic Cloud           Conj/Pois/Air  0%         N/A       100%        3
 Ozocubu's Armour         Ice            0%         N/A       100%        3
 Anguish                  Hex/Necr       0%         N/A       100%        4
 Cause Fear               Hex            0%         N/A       100%        4
 Passage of Golubria      Tloc           0%         N/A       100%        4
 Agony                    Necr           0%         N/A       100%        5
 Freezing Cloud           Conj/Ice/Air   0%         6-21      100%        5
 Metabolic Englaciation   Hex/Ice        0%         N/A       100%        5
 Silence                  Hex/Air        0%         N/A       100%        5
 Enfeeble                 Hex            0%         N/A       100%        7
 Lehudib's Crystal Spear  Conj/Erth      0%         10d2      100%        8
 Simulacrum               Ice/Necr       Unusable   N/A       N/A         6

Dungeon Overview and Level Annotations

Branches:
Dungeon (10/15)            Temple (1/1) D:5            Lair (0/5) D:9
  Sewer (visited)
    Orc: D:9-12

Altars:
Ashenzari
Cheibriados
Dithmenos
Elyvilon
Fedhas
Gozag
Hepliaklqana
Kikubaaqudgha
Makhleb
Nemelex Xobeh
Okawaru
Qazlal
Ru
Sif Muna
Trog
Uskayaw
Vehumet
Wu Jian
Xom
Yredelemnul
Zin
The Shining One

Shops:
D:1 !   D:4 (   D:7 *


Innate Abilities, Weirdness & Mutations

You cannot be hasted, slowed, berserked, paralysed or teleported.
You can dig through walls and to a lower floor.
You have a pair of large antennae on your head. (SInv)
Your four strong arms can wield two-handed weapons with a shield.


Message History

No target in view!
Things that are here:
a +0 shortbow; a centaur corpse You open the door.
There is an open door here.
A komodo dragon comes into view.
You closely miss the komodo dragon. The komodo dragon bites you.
You hit the komodo dragon but do no damage.
The komodo dragon bites you!!
You slash the komodo dragon! You burn the komodo dragon.
The komodo dragon is moderately wounded.
You block the komodo dragon's attack.
You barely miss the komodo dragon.
The komodo dragon is moderately wounded.
The komodo dragon bites you!!
You are too injured to fight recklessly!
You are too injured to fight recklessly!
You are too injured to fight recklessly!
You barely miss the komodo dragon.
The komodo dragon is moderately wounded.
The komodo dragon bites you!!
* * * LOW HITPOINT WARNING * * *
You slash the komodo dragon! You burn the komodo dragon.
The komodo dragon is heavily wounded.
You block the komodo dragon's attack. The komodo dragon closely misses you.
You feel much better. The komodo dragon bites you.
You barely miss the komodo dragon.
The komodo dragon is heavily wounded.
You block the komodo dragon's attack.
You completely miss the komodo dragon.
The komodo dragon is heavily wounded.
The komodo dragon bites you.
You hit the komodo dragon but do no damage.
The komodo dragon is heavily wounded.
The komodo dragon bites you!!
* * * LOW HITPOINT WARNING * * *
You closely miss the komodo dragon.
The komodo dragon is heavily wounded.
The komodo dragon bites you!!
You die...

.. .# .# #.#####
#####+##### .......
#.........# .......
##.........# ###l......
.+.........####.@.......
.#....(..).#....#.......
#.........'.####.......
#.........### .......
##.........# .......
............. .......
PP.._..PPPP..≈ ...####
............... ..##
###############


You could see a komodo dragon.

Vanquished Creatures
  An unseen horror (D:10)
  The ghost of CryoSword the Merchant of Misery, a novice GnNe of Kikubaaqudgha (D:6)
  Maggie (D:6)
  A komodo dragon (D:8)
  A kobold demonologist (D:10)
  3 slime creatures (D:8)
  A wyvern (D:9)
  5 yaks (D:9)
  2 shadows
  Menkaure (D:6)
  A steam dragon (D:8)
  2 water moccasins
  2 ice beasts (D:6)
  A black bear (D:4)
  5 orc warriors
  2 ogres (D:6)
  2 phantoms
  4 centaurs
  4 bullfrogs
  2 gnoll sergeants
  3 scorpions
  9 wights
  3 howler monkeys
  6 hounds
  2 orc priests (D:7)
  2 jellies
  11 orc wizards
  Terence (D:2)
  A hell rat (Sewer)
  8 iguanas
  Robin (D:3)
  21 gnolls
  8 adders
  2 river rats (Sewer)
  A white imp (D:6)
  4 ufetubi
  A worm (D:2)
  4 dart slugs
  26 orcs
  5 endoplasms
  6 giant cockroaches
  15 goblins
  11 hobgoblins
  2 kobolds
  7 quokkas
  4 ball pythons
  3 bats
  3 frilled lizards
  12 rats
224 creatures vanquished.

Notes
Turn   | Place    | Note
-------+----------+-------------------------------------------
     0 | D:1      | Querens the Formicid Fighter began the quest for the Orb.
     0 | D:1      | Reached XP level 1. HP: 18/18 MP: 1/1
    57 | D:1      | Found Noxtuag's Distillery.
   245 | D:1      | Reached XP level 2. HP: 24/24 MP: 2/2
   546 | D:2      | Reached XP level 3. HP: 23/29 MP: 3/3
   614 | D:2      | Reached XP level 4. HP: 37/37 MP: 4/4
   890 | D:2      | Reached XP level 5. HP: 42/42 MP: 5/5
   983 | D:2      | Noticed Terence
   991 | D:2      | Killed Terence
   992 | D:2      | Reached skill level 5 in Shields
  1156 | D:3      | Noticed Robin
  1169 | D:3      | Killed Robin
  1218 | D:3      | Found a sparkling altar of Nemelex Xobeh.
  1220 | D:3      | Found a faded altar of an unknown god.
  1250 | D:3      | Found a snail-covered altar of Cheibriados.
  1334 | D:3      | Reached XP level 6. HP: 49/49 MP: 6/6
  1708 | D:4      | Reached XP level 7. HP: 26/55 MP: 7/7
  1848 | D:4      | Found a basalt altar of Yredelemnul.
  1855 | D:4      | Found a shimmering altar of Xom.
  1932 | D:4      | Reached skill level 5 in Fighting
  1951 | D:4      | Reached skill level 5 in Armour
  1997 | D:4      | Found Zeumn's Antique Weapon Boutique.
  2032 | D:4      | Reached skill level 5 in Axes
  2195 | D:5      | Entered Level 5 of the Dungeon
  2199 | D:5      | Found a staircase to the Ecumenical Temple.
  2232 | D:6      | Reached XP level 8. HP: 54/63 MP: 8/8
  2286 | Temple   | Entered the Ecumenical Temple
  2290 | Temple   | Became a worshipper of Warmaster Okawaru
  2410 | D:6      | Found a glowing drain.
  2436 | Sewer    | Entered a sewer
  2508 | D:6      | Noticed Menkaure
  2518 | D:6      | Killed Menkaure
  2587 | D:6      | Found a large runed translucent door.
  2588 | D:6      | Found a large runed translucent door.
  2589 | D:6      | Noticed CryoSword's ghost (novice GnNe)
  2627 | D:6      | Noticed Maggie
  2629 | D:6      | Reached * piety under Okawaru
  2630 | D:6      | Reached XP level 9. HP: 54/69 MP: 9/9
  2650 | D:6      | Killed Maggie
  2767 | D:6      | Reached ** piety under Okawaru
  2924 | D:5      | Reached skill level 1 in Invocations
  3631 | D:6      | Killed CryoSword's ghost
  3632 | D:6      | Reached XP level 10. HP: 33/78 MP: 10/12
  3715 | D:7      | Reached *** piety under Okawaru
  3867 | D:7      | Found Araatez's General Store.
  3875 | D:7      | Bought a scroll of noise for 13 gold pieces
  3875 | D:7      | Bought a scroll of teleportation for 39 gold pieces
  3875 | D:7      | Bought a potion of flight for 39 gold pieces
  4042 | D:8      | HP: 3/75 [wight/+0 great sword (2)]
  4219 | D:1      | Bought a potion of heal wounds for 65 gold pieces
  4219 | D:1      | Bought a potion of heal wounds for 65 gold pieces
  4454 | D:8      | Found a shimmering blue altar of Sif Muna.
  4468 | D:8      | Noticed a komodo dragon
  4475 | D:8      | Killed a komodo dragon
  4497 | D:8      | Reached **** piety under Okawaru
  4881 | D:9      | Reached XP level 11. HP: 74/86 MP: 14/14
  4889 | D:9      | Reached skill level 5 in Invocations
  5091 | D:9      | Found a staircase to the Lair.
  5182 | D:9      | Reached skill level 10 in Shields
  5183 | D:9      | Reached skill level 10 in Axes
  5358 | D:10     | Entered Level 10 of the Dungeon
  5477 | D:10     | Found a large runed translucent door.
  5478 | D:10     | Found a large runed translucent door.
  5510 | D:10     | Reached ***** piety under Okawaru
  5527 | D:10     | Found a glowing silver altar of Zin.
  5530 | D:10     | Found a shadowy altar of Dithmenos.
  5646 | D:10     | Found a white marble altar of Elyvilon.
  5679 | D:10     | Slain by a komodo dragon

Illustrated notes

Levels and vault maps discovered:
D:1:      tarquinn_simple_flora_water_f, layout_basic, serial_shops,
          nicolae_shop_competitors_out_of_business, kennysheep_minor_cross,
          serial_bayou_pond_a
D:2:      layout_basic, uniq_terence
D:3:      layout_loops_cross, mainiacjoe_overflow_paths,
          nemelex_xobeh_ov_fountains_minmay,
          shapermc_ecumenical_altar_starsandcircs, minmay_misc_feat_chi,
          minmay_misc_feat_tiny, grunt_decor_arrowhead, uniq_robin
D:4:      minmay_diamond_boxcup, layout_gridville, jmf_multi_god_temple,
          serial_shops, nicolae_stop_n_shop_1, minmay_bisected
D:5:      layout_basic, minmay_temple_entry_from_below_a
D:6:      layout_cave_pools, ebering_ghost_disaster_area, portal_sewer_entry_f,
          nicolae_fountain_basement, uniq_maggie, uniq_menkaure
D:7:      layout_rooms, serial_shops, shop
D:8:      layout_cave_pools, mainiacjoe_overflow_alcove_1,
          hangedman_decor_peaks_small, grunt_ministairs_5
D:9:      layout_stronghold, lair_entry_dummy, minmay_misc_feat_room,
          bh_walls_and_bars
D:10:     layout_roguey, mainiacjoe_overflow_boulevard, jmf_multi_god_temple2
Temple:   zaba_magenta_temple

Skill      XL: |  1  2  3  4  5  6  7  8  9 10 11 |
---------------+----------------------------------+-----
Fighting       | 4 5 6 7 8 |  8.6
Armour         | 4 5 6 7 8 |  8.6
Axes           | 3 4 5 6 8 9 10 | 10.3
Shields        | 5 6 7 8 9 10 | 10.3
Invocations    | 2 4 5 |  5.5

Action                     |  1- 3 |  4- 6 |  7- 9 | 10-12 || total
---------------------------+-------+-------+-------+-------++-------
  Melee: War axe           |    66 |   141 |   274 |   200 ||   681
 Invoke: Heroism           |       |       |       |     2 ||     2
Ability: Dig               |       |       |     2 |     1 ||     3
  Evoke: Wand              |       |       |    10 |       ||    10
    Use: Potion            |       |       |     1 |     9 ||    10
 Armour: Scale mail        |    32 |    30 |       |       ||    62
         Chain mail        |       |    70 |       |    46 ||   116
         Plate armour      |       |    12 |   190 |    60 ||   262
  Dodge: Dodged            |    30 |    65 |    79 |    85 ||   259
  Block: Buckler           |    16 |    11 |       |       ||    27
         Kite shield       |       |    73 |   160 |   150 ||   383

Table legend: (Time is in decaauts)
 A = Elapsed time spent in this place.
 B = Non-inter-level travel time spent in this place.
 C = Inter-level travel time spent in this place.
 D = Time resting spent in this place.
 E = Time spent auto-exploring this place.
 F = Levels seen in this place.
 G = Mean time per level.
                   A        B        C        D        E       F      G
               +--------+--------+--------+--------+--------+-----+--------+
         Total |   5890 |   5258 |    632 |      0 |      0 |  12 |  490.8 |
       Dungeon |   5754 |   5138 |    616 |      0 |      0 |  10 |  575.4 |
        Temple |     65 |     49 |     16 |      0 |      0 |   1 |   65.0 |
         Sewer |     71 |     71 |      0 |      0 |      0 |   1 |   71.0 |
               +--------+--------+--------+--------+--------+-----+--------+

Top non-repeatable levels by time:
     D:4: 803 daAuts
     D:6: 743 daAuts
     D:5: 739 daAuts
     D:2: 592 daAuts
     D:9: 578 daAuts
     D:1: 563 daAuts
     D:3: 534 daAuts
     D:8: 502 daAuts
     D:7: 373 daAuts
    D:10: 325 daAuts
   Sewer: 71 daAuts
  Temple: 65 daAuts
